AoeStats
← thecartelflow

Arena

509746122Analyzed
4v4 RM · 6d ago on Sep 27, 2026· 42m 33s· 8 players
Game mode
Random Map
Map size
Large (8 player)
Population
200
Speed
Normal
Resources
Standard
Victory
Conquest
Starting age
Dark Age
Ending age
Imperial Age
RankedLock teamsTeams togetherTeam positionsShared explorationLock speedFull tech treeHidden civsTurbo modeCheats
Victory
Defeat
🇨🇳 Turks · China
1032
+15
🇺🇸 Khmer · United States
1027
+15
🇭🇰 Celts · Hong Kong SAR China
984
+17
🇺🇸 Cumans · United States
967
+18
🇻🇪 Vikings · Venezuela
1030
-17
🇧🇷 Romans · Brazil
1009
-16
🇺🇸 Portuguese · United States
1000
-48
🇹🇷 Burgundians · Türkiye
995
-16
thecartelflow
5:41 Loom
21:46 Feudal Age
22:20 Town Watch
23:25 Wheelbarrow
32:19 Castle Age
33:51 Town Patrol
34:12 Hand Cart
36:25 Thumb Ring
35:41 Elite Skirmisher
35:42 Crossbowman
36:14 Arson
36:15 Gambesons
35:50 Man-at-Arms
35:51 Pikeman
36:34 Stone Mining
36:34 Gold Mining
36:30 Horse Collar
37:34 Coinage
36:56 Double-Bit Axe
39:34 Herbal Medicine
39:40 Devotion
40:01 Sanctity
41:10 Siphons
41:16 Clinker Construction
41:17 Careening
40:59 Guard Tower
the King
5:24 Loom
14:02 Feudal Age
18:32 Castle Age
16:23 Horse Collar
16:31 Double-Bit Axe
18:03 Forging
17:53 Scale Mail Armor
18:10 Man-at-Arms
19:39 Long Swordsman
29:48 Imperial Age
27:34 Fortified Wall
27:42 Squires
30:41 Siege Engineers
30:18 Capped Ram
31:43 Onager
32:57 Pikeman
squeezecheese21
7:05 Wheelbarrow
10:57 Horse Collar
11:05 Double-Bit Axe
12:57 Feudal Age
13:27 Town Watch
14:00 Stone Mining
14:11 Heavy Plow
14:36 Bow Saw
15:47 Stone Shaft Mining
19:27 Gold Mining
19:59 Hand Cart
20:37 Gold Shaft Mining
20:18 Forging
22:40 Castle Age
21:26 Scale Barding Armor
22:25 Forging
22:27 Fletching
23:53 Crop Rotation
24:26 Two-Man Saw
24:13 Husbandry
23:34 Cavalier
29:48 Loom
33:07 Burgundian Vineyards
35:54 Imperial Age
34:39 Padded Archer Armor
35:15 Iron Casting
35:00 Chain Barding Armor
35:45 Fortified Wall
35:57 Leather Archer Armor
36:10 Chain Barding Armor
36:07 Leather Archer Armor
37:38 Chemistry
37:20 Plate Barding Armor
37:57 Blast Furnace
37:29 Conscription
37:54 Ballistics
37:44 Masonry
37:04 Paladin
38:13 Bodkin Arrow
38:10 Light Cavalry
39:32 Hoardings
40:05 Architecture
39:18 Treadmill Crane
39:41 Bracer
39:12 Elite Skirmisher
41:04 Murder Holes
AcheronianoSSx
11:25 Feudal Age
12:14 Double-Bit Axe
12:53 Horse Collar
13:41 Loom
16:14 Castle Age
14:41 Stone Mining
17:35 Fletching
24:57 Ballistas
31:37 Wheelbarrow
32:19 Bow Saw
32:55 Forging
32:46 Scale Mail Armor
32:15 Man-at-Arms
32:55 Squires
32:16 Pikeman
33:35 Hand Cart
33:07 Long Swordsman
34:52 Chain Mail Armor
35:12 Iron Casting
37:03 Heavy Plow
42:42 Imperial Age
lx T DUB xl
1:18 Loom
11:50 Feudal Age
16:09 Double-Bit Axe
16:07 Horse Collar
17:15 Gold Mining
19:55 Wheelbarrow
21:34 Castle Age
20:25 Stone Mining
21:16 Fletching
21:28 Padded Archer Armor
23:12 Bow Saw
23:08 Heavy Plow
23:57 Bodkin Arrow
24:11 Thumb Ring
25:52 Gold Shaft Mining
26:55 Ballistics
26:54 Leather Archer Armor
26:53 Bloodlines
31:53 Imperial Age
29:47 Hand Cart
30:13 Steppe Husbandry
30:25 Scale Barding Armor
30:31 Forging
31:45 Light Cavalry
32:07 Elite Kipchak
33:54 Chemistry
33:28 Ring Archer Armor
33:27 Parthian Tactics
34:53 Two-Man Saw
35:15 Conscription
34:58 Cuman Mercenaries
36:52 Murder Holes
37:08 Masonry
37:25 Hussar
38:07 Scale Mail Armor
38:43 Iron Casting
38:30 Chain Barding Armor
37:37 Elite Steppe Lancer
40:43 Blast Furnace
40:23 Guilds
39:40 Capped Ram
41:45 Plate Barding Armor
42:02 Hoardings
eofh
11:10 Feudal Age
13:55 Castle Age
11:42 Horse Collar
12:15 Double-Bit Axe
17:15 Bow Saw
18:24 Loom
18:26 Town Watch
20:38 Heavy Plow
22:47 Wheelbarrow
23:25 Light Cavalry
25:41 Bloodlines
28:41 Husbandry
29:04 Hand Cart
33:19 Imperial Age
31:38 Forging
31:34 Scale Barding Armor
31:56 Gold Mining
31:59 Stone Mining
34:06 Ballistics
34:09 Chain Barding Armor
34:25 Iron Casting
33:26 Hussar
34:51 Crop Rotation
34:47 Conscription
34:29 Double Crossbow
38:03 Blast Furnace
38:04 Town Patrol
40:48 Gold Shaft Mining
40:49 Stone Shaft Mining
41:36 Elite Battle Elephant
不知名帅哥
11:04 Feudal Age
16:25 Castle Age
14:30 Double-Bit Axe
18:29 Wheelbarrow
19:12 Horse Collar
23:15 Hand Cart
22:45 Pikeman
25:57 Loom
28:47 Imperial Age
27:27 Heavy Plow
28:19 Fletching
28:32 Stone Mining
29:28 Heavy Scorpion
31:19 Halberdier
32:16 Forging
32:01 Bodkin Arrow
32:52 Padded Archer Armor
33:43 Arson
35:27 Bow Saw
36:22 Ballistics
35:58 Murder Holes
37:04 Chemistry
38:42 Conscription
38:34 Stronghold
41:09 Hoardings
40:52 Leather Archer Armor
箭无虚发
11:38 Feudal Age
12:06 Double-Bit Axe
12:03 Horse Collar
21:16 Castle Age
22:48 Stone Mining
30:02 Imperial Age
29:10 Scale Barding Armor
29:16 Forging
29:52 Bloodlines
31:22 Conscription
33:40 Chain Barding Armor
37:35 Husbandry
39:40 Wheelbarrow
39:26 Bow Saw
40:29 Scale Mail Armor
43:04 Heavy Plow
Connection lost

Rejoining the realm…

Still unreachable

The connection could not be restored.

Session expired

The server has moved on; the page needs a fresh start.